 Dungeon Sprint DCSS version 0.26-a0-757-g626ac9e51a (webtiles) character file.

Game seed: 11674020645380793247

4 rocky1 the Chiller (level 1, 0/13 HPs)
             Began as a Merfolk Ice Elementalist on Nov 8, 2020.
             Was a Follower of Sif Muna.
             Slain by a jackal (3 damage)
             ... in the Dungeon (Sprint VII: "The Pits").
             The game lasted 00:00:42 (80 turns).

rocky1 the Chiller (Merfolk Ice Elementalist)         Turns: 80, Time: 00:00:43

Health: 0/13       AC:  2    Str:  8    XL:     1   Next: 70%
Magic:  1/3        EV: 13    Int: 14    God:    Sif Muna [*.....]
Gold:   0          SH:  0    Dex: 14    Spells: 3/4 levels left

rFire    . . .     SeeInvis .   b - +2 trident
rCold    . . .     Faith    .   (no shield)
rNeg     . . .     Spirit   .   a - +0 robe
rPois    .         Reflect  .   (no helmet)
rElec    .         Harm     .   (no cloak)
rCorr    .         Rampage  .   (no gloves)
MR       .....     NoTele   +   (no boots)
Stlth    ++........             (no amulet)
HPRegen  0.04/turn              (no ring)
MPRegen  0.08/turn              (no ring)

@: no status effects
A: change form in water, swift swim, stealthy swim
a: Channel Magic, Renounce Religion


You were in the Dungeon.
You worshipped Sif Muna.
Sif Muna was aware of your devotion.
You visited 1 branch

Inventory:

Hand Weapons
 b - a +2 trident (weapon)
Armour
 a - a +0 robe (worn)
Scrolls
 h - a scroll of blinking
 j - 3 scrolls of remove curse
 k - 5 scrolls of amnesia
 l - a scroll of summoning
Potions
 c - a potion of curing
 d - a potion of heal wounds
 e - a potion of haste
 f - 4 potions of magic
 g - 3 potions of berserk rage
 i - 2 potions of invisibility


   Skills:
 - Level 2.6 Dodging
 - Level 2.1 Stealth
 - Level 2.0 Spellcasting
 + Level 5.8 Ice Magic


You had 3 spell levels left.
You knew the following spells:

 Your Spells              Type           Power        Failure   Level
a - Freeze                Ice            ###.         2%          1

Your spell library contained the following spells:

 Spells                   Type           Power        Failure   Level
 Frozen Ramparts          Ice            ###...       7%          3
 Ozocubu's Armour         Ice            ###.....     7%          3
 Hailstorm                Conj/Ice       #.......     58%         4
 Summon Ice Beast         Ice/Summ       #.......     58%         4


Dungeon Overview and Level Annotations

Branches:
Dungeon (1/1)

Altars:
Ashenzari
Cheibriados
Dithmenos
Elyvilon
Fedhas
Gozag
Hepliaklqana
Kikubaaqudgha
Makhleb
Nemelex Xobeh
Okawaru
Qazlal
Ru
Sif Muna
Trog
Uskayaw
Vehumet
Wu Jian
Xom
Yredelemnul
Zin
The Shining One
Beogh
Jiyva
Lugonu


Message History

The jackal closely misses you. The jackal misses you.
You barely miss the jackal.
The jackal is severely wounded.
The jackal barely misses you. The jackal bites you.
* * * LOW HITPOINT WARNING * * *
You hit the jackal.
The jackal is almost dead.
The jackal barely misses you.
You hit the jackal.
You kill the jackal!
Sif Muna accepts your kill.
You can now call upon Sif Muna for magical energy.
The jackal completely misses you.
You closely miss the jackal.
The jackal bites you but does no damage.
The jackal barely misses you.
You barely miss the jackal. The jackal misses you.
The jackal bites you but does no damage.
You closely miss the jackal. The jackal bites you.
You die...

###########
_________.#
_________.#
_______...###########
##########'##.........
#.?(.')))'.##......#..
##########.##.........
#....@h.....'.........
#+#####'#####......#..
..# #......... +..+
####'##### ####
#.......# #.......#
#.......# #...<...#
#.......#


You could see a jackal.

Vanquished Creatures
  3 jackals (D)
  A bat (D)
4 creatures vanquished.

Notes
Turn   | Place    | Note
-------+----------+-------------------------------------------
     0 | D        | rocky1 the Merfolk Ice Elementalist began the quest for the
                  | Orb.
     0 | D        | Reached XP level 1. HP: 13/13 MP: 3/3
    44 | D        | Found a bloodstained altar of Trog.
    44 | D        | Found a shimmering blue altar of Sif Muna.
    44 | D        | Found a viscous altar of Jiyva.
    44 | D        | Found a hazy altar of Hepliaklqana.
    44 | D        | Found an opulent altar of Gozag.
    45 | D        | Found a glowing golden altar of the Shining One.
    45 | D        | Found a glowing silver altar of Zin.
    45 | D        | Found a basalt altar of Yredelemnul.
    45 | D        | Found a shimmering altar of Xom.
    45 | D        | Found an ornate altar of the Wu Jian Council.
    45 | D        | Found a sacrificial altar of Ru.
    45 | D        | Found a stormy altar of Qazlal.
    45 | D        | Found an iron altar of Okawaru.
    45 | D        | Found a sparkling altar of Nemelex Xobeh.
    45 | D        | Found a burning altar of Makhleb.
    45 | D        | Found a blossoming altar of Fedhas.
    45 | D        | Found a white marble altar of Elyvilon.
    45 | D        | Found a shadowy altar of Dithmenos.
    45 | D        | Found a snail-covered altar of Cheibriados.
    47 | D        | Found a radiant altar of Vehumet.
    47 | D        | Found a corrupted altar of Lugonu.
    47 | D        | Found a roughly hewn altar of Beogh.
    48 | D        | Found a hide-covered altar of Uskayaw.
    48 | D        | Found an ancient bone altar of Kikubaaqudgha.
    48 | D        | Found a broken altar of Ashenzari.
    50 | D        | Became a worshipper of Sif Muna the Loreminder
    66 | D        | Reached skill level 5 in Ice Magic
    77 | D        | Reached * piety under Sif Muna
    80 | D        | Slain by a jackal

Illustrated notes

Levels and vault maps discovered:
D:        pitsprint [storerooms_1, entrance_room_1, metal_vault_1, armoury_2,
          mini_pit_1, grid_room_1, main_hall_1, silver_pit, the_coven_3,
          the_vestibule_1, steel_vault_1, golden_pit, hallway_of_sentries,
          crystal_vault_3, iron_vault_2, final_vault]

Skill      XL: |  1 |
---------------+----+-----
Ice Magic      | 5 |  5.8
Dodging        | |  2.6
Stealth        | |  2.1
Spellcasting   | |  2.0

Action                   || total
-------------------------++-------
Melee: Trident           ||    13
       Unarmed           ||     1
 Cast: Freeze            ||     4
 Stab: Sleeping          ||     1
Armor: Robe              ||     6
Dodge: Dodged            ||    16

Table legend: (Time is in decaauts)
 A = Elapsed time spent in this place.
 B = Non-inter-level travel time spent in this place.
 C = Inter-level travel time spent in this place.
 D = Time resting spent in this place.
 E = Time spent auto-exploring this place.
 F = Levels seen in this place.
 G = Mean time per level.
                   A        B        C        D        E       F      G
               +--------+--------+--------+--------+--------+-----+--------+
         Total |     83 |     83 |      0 |      0 |      0 |   1 |   83.0 |
       Dungeon |     83 |     83 |      0 |      0 |      0 |   1 |   83.0 |
               +--------+--------+--------+--------+--------+-----+--------+

Top non-repeatable levels by time:
       D: 83 daAuts
